 Dungeon Crawl Stone Soup version 0.23.2-33-g5129a83184 (webtiles) character file.

Game seed: 13018555188162571275

45 Acheron the Skirmisher (level 3, -13/22 HPs)
             Began as a Gargoyle Wanderer on July 15, 2019.
             Mangled by a gnoll
             ... wielding a +0 flail
              (14 damage)
             ... on level 2 of the Dungeon.
             The game lasted 00:06:48 (1179 turns).

Acheron the Skirmisher (Gargoyle Wanderer)          Turns: 1179, Time: 00:06:48

Health: -13/22     AC:  5    Str: 15    XL:     3   Next: 64%
Magic:  4/4        EV: 11    Int: 12    God:
Gold:   18         SH:  4    Dex: 10    Spells: 4/4 levels left

rFire    . . .     SeeInvis .   e - +0 short sword
rCold    . . .     Gourm    .   h - +1 buckler {reflect}
rNeg     + . .     Faith    .   d - +0 robe
rPois    ∞         Spirit   .   (no helmet)
rElec    +         Reflect  +   (no cloak)
rCorr    .         Harm     .   (no gloves)
MR       .....                  (no boots)
Stlth    +.........             (no amulet)
HPRegen  0.07/turn              (no ring)
MPRegen  0.09/turn              (no ring)

@: no status effects
A: negative energy resistance 1, electricity resistance, unbreathing,
petrification resistance, rot immunity, AC +3
a: no special abilities


You were on level 2 of the Dungeon.
You were not hungry.

You visited 1 branch of the dungeon, and saw 2 of its levels.

You collected 18 gold pieces.

Inventory:

Hand Weapons
 e - a +0 short sword (weapon)
Missiles
 b - 17 sling bullets
 g - 2 javelins (quivered)
 l - 38 stones
Armour
 d - a +0 robe (worn)
 h - a +1 buckler of reflection (worn)
Jewellery
 k - an uncursed ring of positive energy {unknown}
Wands
 c - a wand of random effects (14)
Scrolls
 n - a scroll of remove curse {unknown}
 o - a scroll of fear {unknown}
 p - 2 scrolls of amnesia {unknown}
Potions
 i - a potion of mutation {unknown}
 j - a potion of brilliance {unknown}
 m - a potion of might {unknown}
Comestibles
 f - 3 rations


   Skills:
 + Level 2.8 Fighting
 * Level 0.5 Short Blades
 * Level 0.4 Throwing
 * Level 1.9 Armour
 * Level 0.7 Dodging
 * Level 0.7 Stealth
 * Level 1.2 Shields
 * Level 1.2 Spellcasting
   Level 1.7 Hexes
   Level 2.0 Ice Magic
 * Level 1.1 Evocations


You had 4 spell levels left.
You didn't know any spells.
Your spell library contained the following spells:

 Spells                   Type           Power        Failure   Level  Hunger
 Corona                   Hex            #......      21%         1    ##.....
 Ensorcelled Hibernation  Hex/Ice        #.....       28%         2    ###....
 Apportation              Tloc           #.....       38%         1    ##.....
 Confuse                  Hex            #.......     52%         3    ####...
 Tukima's Dance           Hex            #.......     52%         3    ####...
 Dazzling Spray           Conj/Hex       #.....       65%         3    ####...
 Gell's Gravitas          Tloc           #.........   77%         3    ####...


Dungeon Overview and Level Annotations

Branches:
Dungeon (2/15)

Altars:


Innate Abilities, Weirdness & Mutations

You are resistant to torment.
Your stone body is resilient. (AC +3)
You are immune to poison.
You resist negative energy. (rN+)
You are resistant to electric shocks. (rElec)
You can survive without breathing.
You are immune to petrification.
You are immune to rotting.


Message History

The gnoll is severely wounded.
The gnoll closely misses you.
All of the chunks of flesh in your inventory have rotted away.
You closely miss the gnoll.
The gnoll is severely wounded.
The gnoll closely misses you.
You hit the gnoll.
You kill the gnoll!
You hit the gnoll.
The gnoll is heavily wounded.
The gnoll hits you but does no damage.
You hit the gnoll.
The gnoll is severely wounded.
The gnoll hits you with a +0 flail!
* * * LOW HITPOINT WARNING * * *
You completely miss the gnoll.
The gnoll is severely wounded.
The gnoll hits you with a +0 flail!
Ouch! That really hurt!
You die...

## # .. #.# # .#
... ###.. .# .####
....#.#.##.####
....#
........!.....g..
....#
...............gg.
....##... #.##.#
#g.# .........
#g##.# #..#
#.......# #g##.#
#..# ........#
#@##.# #..#
....#####
#.##.###..# .....#
##........# .#...#
#........# .#...#
#...###..###
.#...#
#..........#
##...#
#........### #
####
#.#..###.######
####### ### #.#..#
#......#


You could see 2 gnolls.

Vanquished Creatures
  2 gnolls (D:2)
  A dart slug (D:1)
  3 leopard geckos
  2 giant cockroaches (D:1)
  3 goblins (D:1)
  4 hobgoblins
  A jackal (D:1)
  A ball python (D:1)
  A bat (D:1)
  4 frilled lizards
  4 rats
26 creatures vanquished.

Notes
Turn   | Place    | Note
-------+----------+-------------------------------------------
     0 | D:1      | Acheron the Gargoyle Wanderer began the quest for the Orb.
     0 | D:1      | Acheron set off with the following items: a +0 club, a wand
                  | of random effects (15), a +0 robe, a ration; and the
                  | following spells available to memorise: Corona, Ensorcelled
                  | Hibernation, Apportation, Confuse, Tukima's Dance, Dazzling
                  | Spray, Gell's Gravitas
     0 | D:1      | Reached XP level 1. HP: 12/12 MP: 2/2
   429 | D:1      | Reached XP level 2. HP: 10/18 MP: 3/3
   905 | D:2      | Reached XP level 3. HP: 22/22 MP: 4/4
  1178 | D:2      | HP: 1/22 [gnoll/+0 flail (10)]
  1179 | D:2      | Mangled by a gnoll

Action                   || total
-------------------------++-------
Melee: Short sword       ||    83
       Club              ||    14
Evoke: Wand              ||     1
  Use: Scroll            ||     1
 Stab: Sleeping          ||     1
  Eat: Chunk             ||     1
Armor: Robe              ||    35
Dodge: Dodged            ||    61
Block: Buckler           ||     4
